AoeStats
← zY.Thorfinn

Arabia

506742727Analyzed
2v2 RM · 18d ago on Sep 14, 2026· 55m 33s· 4 players
Game mode
Random Map
Map size
Medium (4 player)
Population
200
Speed
Normal
Resources
Standard
Victory
Conquest
Starting age
Dark Age
Ending age
Imperial Age
RankedLock teamsTeams togetherTeam positionsShared explorationLock speedFull tech treeHidden civsTurbo modeCheats
Victory
Defeat
🇦🇷 Japanese · Argentina
1349
+12
🇦🇷 Malay · Argentina
1316
+14
🇦🇷 Poles · Argentina
1352
-16
🇦🇷 Vikings · Argentina
1179
-10
C h u c k
6:34 Loom
9:19 Feudal Age
9:54 Double-Bit Axe
12:54 Fletching
16:58 Town Watch
17:29 Padded Archer Armor
18:17 Horse Collar
22:02 Castle Age
22:18 Bloodlines
22:40 Bodkin Arrow
22:47 Husbandry
23:08 Bow Saw
23:03 Heavy Plow
27:19 Ballistics
29:57 Thumb Ring
31:28 Wheelbarrow
31:48 Squires
32:43 Scale Mail Armor
32:29 Arson
34:48 Chain Mail Armor
35:01 Forging
41:36 Iron Casting
45:48 Imperial Age
43:48 Gold Mining
43:53 Elite Skirmisher
45:44 Leather Archer Armor
47:11 Plate Mail Armor
46:06 Elite Samurai
46:59 Bracer
48:05 Blast Furnace
47:35 Bracer
48:49 Chemistry
48:41 Conscription
49:48 Hand Cart
50:54 Ring Archer Armor
52:06 Yasama
54:05 Town Patrol
55:45 Murder Holes
Lilita Carrió
7:56 Loom
10:06 Feudal Age
9:58 Double-Bit Axe
10:27 Horse Collar
22:23 Castle Age
21:05 Forging
22:10 Scale Barding Armor
22:32 Bow Saw
22:23 Heavy Plow
23:44 Pikeman
24:55 Light Cavalry
34:43 Devotion
36:18 Wheelbarrow
36:36 Iron Casting
42:22 Imperial Age
39:50 Fletching
43:52 Conscription
43:32 Gold Mining
43:32 Stone Mining
45:34 Blast Furnace
44:57 Husbandry
49:09 Crop Rotation
50:08 Town Watch
50:44 Hand Cart
51:42 Bodkin Arrow
52:37 Elite Battle Elephant
52:59 Man-at-Arms
53:40 Squires
zY.Thorfinn
8:12 Loom
11:32 Feudal Age
12:06 Double-Bit Axe
18:26 Horse Collar
19:05 Fletching
24:35 Castle Age
23:03 Padded Archer Armor
24:15 Gold Mining
24:52 Scale Barding Armor
26:56 Bow Saw
26:50 Elite Skirmisher
28:11 Bodkin Arrow
36:06 Ballistics
36:22 Heavy Plow
36:08 Crossbowman
39:06 Leather Archer Armor
53:57 Scale Mail Armor
EL CABALLERO
6:12 Loom
9:19 Feudal Age
9:59 Double-Bit Axe
9:57 Horse Collar
21:13 Castle Age
20:52 Bloodlines
22:02 Scale Barding Armor
22:09 Forging
22:04 Gold Mining
23:41 Chain Barding Armor
26:15 Wheelbarrow
27:39 Iron Casting
28:25 Husbandry
33:48 Hand Cart
33:49 Bow Saw
34:01 Heavy Plow
39:09 Imperial Age
37:55 Town Watch
37:57 Light Cavalry
39:13 Stone Mining
42:29 Scale Mail Armor
43:02 Ballistics
43:44 Chemistry
44:54 Winged Hussar
46:37 Conscription
45:46 Pikeman
47:00 Chain Mail Armor
48:23 Blast Furnace
48:07 Crop Rotation
47:59 Squires
49:38 Plate Mail Armor
49:53 Arson
Connection lost

Rejoining the realm…

Still unreachable

The connection could not be restored.

Session expired

The server has moved on; the page needs a fresh start.